 Dungeon Crawl Stone Soup version 0.31-a0-995-g04711c9635 (webtiles) character file.

Game seed: 9027347721982220718

2538 kae the Mimic (level 9, 0/64 HPs)
             Began as a White Draconian Shapeshifter on Nov 6, 2023.
             Was an Initiate of Ru.
             Slain by an orc wizard
             ... wielding a +0 dagger
              (1 damage)
             ... on level 6 of the Dungeon.
             The game lasted 00:08:47 (5705 turns).

kae the Mimic (White Draconian Shapeshifter)        Turns: 5705, Time: 00:08:47

Health: 0/64       AC: 11    Str: 16    XL:     9   Next: 30%
Magic:  18/18      EV: 12    Int: 11    God:    Ru [......]
Gold:   867        SH:  0    Dex: 15    Spells: 8/8 levels left

rFire   . .          .
                       - Unarmed
rCold   + . .        (shield currently unavailable)
rNeg    . . .        (body armour unavailable)
rPois   .            (helmet restricted)
rElec   .            n - +0 cloak
rCorr   .            d - +1 pair of gloves
SInv    .            m - +0 pair of boots
Will    .....        g - amulet of regeneration
Stlth   +            W - ring of magical power
HPRegen 1.10/turn    (no ring)
MPRegen 0.16/turn

%: no passive effects
@: lethally poisoned (0 -> -11), about to teleport, flux-form, glowing
A: glow, contaminating, breathe frost, AC +7, unfitting armour, cold resistance
1, cold-blooded
a: Breathe Frost, Begin Untransformation, Renounce Religion, Sacrifice Words,
Sacrifice a Hand, Sacrifice Arcana, Reject Sacrifices


You were on level 6 of the Dungeon.
You worshipped Ru.
Ru was noncommittal.
You were something dangerously unstable.
You visited 2 branches of the dungeon, and saw 7 of its levels.
You also visited: Sewer.

You collected 967 gold pieces.
You spent 100 gold pieces at shops.


Innate Abilities, Weirdness & Mutations

You are something dangerously unstable.
You glow with magical radiation, making you easy to see and hit.
Foes you strike become dangerously contaminated with magical radiation.
You are incapable of wielding weapons or throwing items.
You can breathe waves of freezing cold which knock back foes.
Your icy white scales are hard. (AC +7)
You cannot fit into any form of body armour.
Your flesh is cold resistant. (rC+)
You are cold-blooded and may be slowed by cold attacks.


   Skills:
 - Level 1.1 Fighting
 - Level 1.7 Dodging
 + Level 8.0 Unarmed Combat
 * Level 10.0 Shapeshifting


You had 8 spell levels left.
You didn't know any spells.
Your spell library was empty.

Inventory:

Missiles
 i - 32 stones
 p - 10 poisoned darts
 v - 4 atropa-tipped darts
 E - a curare-tipped dart {=f}
Armour
 d - a +1 pair of gloves (worn)
   (You found it on level 1 of the Dungeon)
 m - a +0 pair of boots (worn)
   (You found it on level 2 of the Dungeon)
 n - a +0 cloak (worn)
   (You found it on level 2 of the Dungeon)
 t - a +2 helmet
   (You found it on level 3 of the Dungeon)
Magical Staves
 z - a staff of earth {!a}
   (You found it on level 4 of the Dungeon)
 B - a staff of poison {!a}
   (You found it on level 6 of the Dungeon)
Jewellery
 g - an amulet of regeneration (around neck)
   (You found it on level 2 of the Dungeon)
 W - a ring of magical power (left hand)
   (You found it on level 5 of the Dungeon)
Talismans
 b - a beast talisman
 c - a flux talisman (active)
 y - a blade talisman
   (You found it on level 3 of the Dungeon)
 C - a dragon-blood talisman
   (You found it on level 6 of the Dungeon)
Wands
 o - a wand of paralysis (3)
   (You found it on level 2 of the Dungeon)
 u - a wand of acid (6)
   (You took it off Pikel on level 5 of the Dungeon)
 x - a wand of flame (45)
   (You found it on level 3 of the Dungeon)
 A - a wand of iceblast (4)
   (You found it on level 4 of the Dungeon)
Scrolls
 j - 2 scrolls of fear
 l - a scroll of noise {!r}
 G - 3 scrolls of fog
Potions
 a - 2 potions of lignification {!q}
 f - 2 potions of heal wounds {@q2}
 h - 2 potions of berserk rage {!q}
 k - 2 potions of cancellation
 q - a potion of resistance
 r - a potion of mutation {!q}
 s - 2 potions of ambrosia {unknown}
 w - 2 potions of curing {unknown}
 D - 2 potions of haste {unknown}
 H - a potion of attraction {unknown}
 I - 2 potions of brilliance

Dungeon Overview and Level Annotations

Branches:
Dungeon (6/15) Zot: 26578  Temple (1/1) D:5 Zot: 5979   Sewer (visited)

Altars:
Ashenzari
Cheibriados
Dithmenos
Elyvilon
Fedhas
Hepliaklqana
Kikubaaqudgha
Nemelex Xobeh
Okawaru
Ru
Sif Muna
Trog
Uskayaw
Vehumet
Wu Jian
Xom
Yredelemnul
Zin

Shops:
D:1 [*   D:2 : D:5

* +....#..#.....#..#.......<..#
#....#..##....#..#
#...)#..##...##..#
#....'..##...##..#
#....#...#.......#
..#....#...#.......#.......
..#....#####..o##..#........
..##.....###..{##..#.........
...#.....#......p..#..........
...#.....#.........#..........
...#.....########'##..........#
)).##.........................#
..).#.........................#
....#.........######..........#
##'##.........# #..........#
........#####.+ #..........#
........# ..+ #..........#


There were no monsters in sight!


Message History

You hear some strange, mumbled words.
A puff of flame appears from out of thin air!
Deactivating autopickup; reactivate with Ctrl-A.
The puff of flame hits you.
* * * LOW HITPOINT WARNING * * *
Something hits you but does no damage.
You are lethally poisoned!
The orc hits you with a +1 flail of venom!
* * * LOW HITPOINT WARNING * * *
You are more poisoned.
Your Unarmed Combat skill increases to level 8!
Your Shapeshifting skill increases to level 10!
* * * LOW HITPOINT WARNING * * *
You feel extremely sick.
You hear some strange, mumbled words.
You are confused.
Something hits you.
* * * LOW HITPOINT WARNING * * *
You are more poisoned.
The orc barely misses you.
Things that are here:
a +2 vampiric dagger; a +0 robe; 😱 HP[-29]
You take 29 damage, and now have 6/64 hp.
MASSIVE DAMAGE!! (PAUSE)
You feel much better.
* * * LOW HITPOINT WARNING * * *
You feel extremely sick. Something hits you but does no damage.
You are more poisoned.
The orc misses you. 😱 HP[+6]
You regained 6 hp, and now have 12/64 hp.
You are too confused!
You are too confused!
You feel much better.
* * * LOW HITPOINT WARNING * * *
You feel extremely sick.
Something hits you but does no damage. x2
You are more poisoned.
The orc closely misses you. 😨 HP[+14]
You regained 14 hp, and now have 26/64 hp.
You bump into the rock wall.
* * * LOW HITPOINT WARNING * * *
You feel extremely sick.
You hear some strange, mumbled words.
A magic dart appears from out of thin air!
The magic dart hits you.
* * * LOW HITPOINT WARNING * * *
Something hits you.
* * * LOW HITPOINT WARNING * * *
The orc barely misses you. 😱 HP[-12]
You take 12 damage, and now have 14/64 hp.
You're too confused to move!
* * * LOW HITPOINT WARNING * * *
You feel extremely sick.
Something hits you but does no damage. x2
You are more poisoned.
The orc hits you but does no damage. 😱 HP[-6]
You take 6 damage, and now have 8/64 hp.
Unknown command.
You feel much better.
You feel less confused.
* * * LOW HITPOINT WARNING * * *
You feel extremely sick. Something hits you but does no damage.
You hear some strange, mumbled words.
A puff of flame appears from out of thin air!
The puff of flame hits you.
* * * LOW HITPOINT WARNING * * *
The orc hits you but does no damage.
You are lethally poisoned! 😨 HP[+11]
You regained 11 hp, and now have 19/64 hp.
As you read the scroll of teleportation {@r4}, it crumbles to dust.
You feel strangely unstable.
* * * LOW HITPOINT WARNING * * *
You feel extremely sick.
You hear some strange, mumbled words.
A puff of flame appears from out of thin air!
The puff of flame hits you but does no damage.
Something hits you but does no damage.
You are more poisoned.
The orc hits you but does no damage. 😱 HP[-7]
You take 7 damage, and now have 12/64 hp.
* * * LOW HITPOINT WARNING * * *
You feel extremely sick.
Something hits you but does no damage. 😱 HP[-6]
You take 6 damage, and now have 6/64 hp.
Unknown command.
* * * LOW HITPOINT WARNING * * *
You feel very sick.
A magic dart appears from out of thin air!
The magic dart hits you but does no damage.
Something hits you.
You die...

Skill      XL: |  1  2  3  4  5  6  7  8  9 |
---------------+----------------------------+-----
Shapeshifting  | 4 5 6 8 9 10 | 10.0
Unarmed Combat | 4 5 6 7 8 |  8.0
Fighting       | |  1.1
Dodging        | |  1.7

Action                     |  1- 3 |  4- 6 |  7- 9 || total
---------------------------+-------+-------+-------++-------
  Melee: Unarmed           |   113 |   192 |   349 ||   654
         Tailslap          |     6 |    34 |    60 ||   100
         Punch             |     2 |       |       ||     2
Ability: Breathe Frost     |       |       |     8 ||     8
    Use: Scroll            |     1 |       |    11 ||    12
         Potion            |       |     1 |     4 ||     5
   Stab: Sleeping          |     2 |     1 |       ||     3
         Distracted        |       |     1 |       ||     1
 Armour: Skin              |    59 |   153 |   314 ||   526
  Dodge: Dodged            |    93 |   129 |   332 ||   554
   Form: Flux              |       |     1 |       ||     1

Levels and vault maps discovered:
D:1:      tarquinn_simple_flora_water_f, layout_basic, serial_shops,
          nicolae_shop_rolling_square, shop
D:2:      layout_rooms, serial_shops, nicolae_diamond_shop, serial_aquarium,
          aquarium_bridge_island_small [aquarium_subvault_small_water,
          aquarium_subvault_bridge, aquarium_subvault_balcony,
          aquarium_subvault_balcony, aquarium_subvault_wall],
          aquarium_bridge_square [aquarium_subvault_bridge,
          aquarium_subvault_window, aquarium_subvault_window,
          aquarium_subvault_bridge], aquarium_window_fake, aquarium_window_2,
          aquarium_view_4, aquarium_balcony_3b
D:3:      layout_basic, mainiacjoe_overflow_small_starburst,
          amcnicky_mini_rare_corridor_liquid, kennysheep_generic_room_10
D:4:      layout_gridville, mainiacjoe_overflow_boulevard, ebering_ghost_sewer_d
D:5:      layout_rooms, minmay_temple_entry_glass, serial_shops,
          nicolae_shop_advertising_works [nicolae_subvault_shop_adworks],
          st_stairs_11, uniq_pikel
D:6:      cheibrodos_quashed, layout_gridville, general_overflow_altar,
          portal_sewer_entry_e, uniq_eustachio
Temple:   nicolae_temple_bog_church

Notes
Turn   | Place    | Note
-------+----------+-------------------------------------------
     0 | D:1      | kae the Draconian Shapeshifter began the quest for the Orb.
     0 | D:1      | Reached XP level 1. HP: 16/16 MP: 1/1
     0 | D:1      | magus.rc [v1.11.3]
   264 | D:1      | Reached XP level 2. HP: 23/23 MP: 2/2
   441 | D:1      | Found Bifan's General Store.
   445 | D:1      | Bought a scroll of teleportation for 30 gold pieces
   573 | D:1      | Found Ziaheb's Armour Emporium.
  1196 | D:2      | Found Gunamnett's Book Emporium.
  1207 | D:2      | Reached XP level 3. HP: 28/28 MP: 3/3
  1299 | D:2      | Reached skill level 4 in Shapeshifting
  1947 | D:3      | Reached XP level 4. HP: 35/35 MP: 4/4
  2131 | D:3      | Found a broken altar of Ashenzari.
  2143 | D:3      | Reached skill level 4 in Unarmed Combat
  2428 | D:3      | Reached XP level 5. HP: 40/40 MP: 5/5
  3059 | D:4      | Noticed a phantom
  3072 | D:4      | Killed a phantom
  3073 | D:4      | Reached skill level 5 in Shapeshifting
  3172 | D:3      | Reached XP level 6. HP: 24/47 MP: 6/6
  3417 | D:4      | Found a radiant altar of Vehumet.
  3592 | D:3      | Reached skill level 5 in Unarmed Combat
  3615 | D:4      | Reached skill level 6 in Shapeshifting
  3746 | D:4      | Found a runed translucent door.
  3750 | D:4      | Noticed Azuregosa's ghost (amateur OpDe)
  4138 | D:4      | Killed Azuregosa's ghost
  4139 | D:4      | Your scales start taking on an icy white colour.
  4139 | D:4      | Reached XP level 7. HP: 29/52 MP: 7/7
  4139 | D:4      | Gained mutation: Your flesh is cold resistant. (rC+) [White
                  | Draconian growth]
  4180 | D:5      | Entered Level 5 of the Dungeon
  4333 | D:5      | Noticed Pikel
  4361 | D:5      | Reached skill level 7 in Shapeshifting
  4361 | D:5      | Killed Pikel
  4362 | D:5      | Reached skill level 6 in Unarmed Combat
  4362 | D:5      | Reached skill level 8 in Shapeshifting
  4362 | D:5      | Reached XP level 8. HP: 37/59 MP: 8/8
  4409 | D:5      | Found a staircase to the Ecumenical Temple.
  4465 | Temple   | Entered the Ecumenical Temple
  4475 | Temple   | Became a worshipper of Ru the Awakened
  4488 | D:5      | Identified a scroll of acquirement
  4488 | D:5      | Acquired 640 gold pieces
  4551 | D:5      | Reached skill level 7 in Unarmed Combat
  4639 | D:5      | Found Daklol's General Store.
  4649 | D:5      | Bought a potion of heal wounds for 70 gold pieces
  4956 | D:6      | Reached skill level 9 in Shapeshifting
  5028 | D:6      | Noticed Eustachio
  5032 | D:6      | Killed Eustachio
  5154 | D:6      | Reached XP level 9. HP: 36/64 MP: 9/9
  5281 | D:6      | Found a glowing drain.
  5309 | Sewer    | Entered a sewer
  5694 | D:6      | HP: 15/64 [orc/+1 flail of venom (2)]
  5697 | D:6      | Reached skill level 8 in Unarmed Combat
  5697 | D:6      | Reached skill level 10 in Shapeshifting
  5697 | D:6      | HP: 7/64 [poisoned by an orc]
  5703 | D:6      | HP: 12/64 [poisoned by an orc]
  5705 | D:6      | HP: 1/64 [poisoned by an orc wizard]
  5705 | D:6      | Slain by an orc wizard

Vanquished Creatures
  Pikel (D:5)
  Eustachio (D:6)
  An ice beast (D:5)
  An ogre (D:5)
  The ghost of Azuregosa the Covert, an amateur OpDe of Gozag (D:4)
  A lemure (D:5)
  3 phantoms
  2 kobold brigands (D:6)
  3 bullfrogs
  4 scorpions
  3 hounds
  2 orc priests
  2 gnoll boudas (D:3)
  5 iguanas
  7 orc wizards
  6 gnolls
  5 river rats
  13 adders
  A white imp (D:6)
  2 ufetubi (D:5)
  3 worms
  A dart slug (D:2)
  20 orcs
  23 ball pythons
  10 bats
  3 endoplasms
  4 giant cockroaches
  4 goblins
  7 hobgoblins
  5 jackals (D:1)
  12 kobolds
  3 quokkas
  7 frilled lizards
  27 rats
193 creatures vanquished.

Table legend:
 A = Non-vault XP
 B = Vault XP
 C = Vault XP percentage of total XP
 D = Non-vault monster count
 E = Vault monster count
 F = Vault count percentage of total count
                 A         B        C        D         E       F
            +---------+---------+-------+---------+---------+-------
      Total |    2199 |    1428 |  39.4 |     127 |      65 |  33.9
            +---------+---------+-------+---------+---------+-------
        D:1 |      38 |       0 |   0.0 |      21 |       0 |   0.0
        D:2 |      56 |       0 |   0.0 |      19 |       0 |   0.0
        D:3 |     203 |       5 |   2.4 |      22 |       1 |   4.3
        D:4 |     335 |     135 |  28.7 |      28 |       3 |   9.7
        D:5 |     910 |     706 |  43.7 |      15 |       5 |  25.0
        D:6 |     657 |     235 |  26.3 |      22 |       9 |  29.0
      Sewer |       0 |     347 | 100.0 |       0 |      47 | 100.0
            +---------+---------+-------+---------+---------+-------

Skill      XL: |  1  2  3  4  5  6  7  8  9 |
---------------+----------------------------+-----
Shapeshifting  | 4 5 6 8 9 10 | 10.0
Unarmed Combat | 4 5 6 7 8 |  8.0
Fighting       | |  1.1
Dodging        | |  1.7

Action                     |  1- 3 |  4- 6 |  7- 9 || total
---------------------------+-------+-------+-------++-------
  Melee: Unarmed           |   113 |   192 |   349 ||   654
         Tailslap          |     6 |    34 |    60 ||   100
         Punch             |     2 |       |       ||     2
Ability: Breathe Frost     |       |       |     8 ||     8
    Use: Scroll            |     1 |       |    11 ||    12
         Potion            |       |     1 |     4 ||     5
   Stab: Sleeping          |     2 |     1 |       ||     3
         Distracted        |       |     1 |       ||     1
 Armour: Skin              |    59 |   153 |   314 ||   526
  Dodge: Dodged            |    93 |   129 |   332 ||   554
   Form: Flux              |       |     1 |       ||     1

Illustrated notes

Table legend:
 A = Kills in this place as a percentage of kills in the entire game.
 B = Kills by you in this place as a percentage of kills by you in the entire game.
 C = Kills by friends in this place as a percentage of kills by friends in the entire game.
 D = Other kills in this place as a percentage of other kills in the entire game.
 E = Experience gained in this place as a percentage of experience gained in the entire game.
 F = Experience gained in this place divided by the number of levels of this place that you have seen.
                   A       B       C       D       E      F
               +-------+-------+-------+-------+-------+----------------------
         Total | 100.0 | 100.0 |   N/A |   N/A | 100.0 | 453.4
       Dungeon |  75.5 |  75.5 |   N/A |   N/A |  90.4 | 546.7
         Sewer |  24.5 |  24.5 |   N/A |   N/A |   9.6 | 347.0
               +-------+-------+-------+-------+-------+----------------------

Table legend: (Time is in decaauts)
 A = Elapsed time spent in this place.
 B = Non-inter-level travel time spent in this place.
 C = Inter-level travel time spent in this place.
 D = Time resting spent in this place.
 E = Time spent auto-exploring this place.
 F = Levels seen in this place.
 G = Mean time per level.
                   A        B        C        D        E       F      G
               +--------+--------+--------+--------+--------+-----+--------+
         Total |   5697 |   5530 |    167 |     52 |   4030 |   8 |  712.1 |
       Dungeon |   5314 |   5167 |    147 |     52 |   3860 |   6 |  885.7 |
        Temple |     20 |      1 |     19 |      0 |      0 |   1 |   20.0 |
         Sewer |    362 |    362 |      0 |      0 |    170 |   1 |  362.0 |
               +--------+--------+--------+--------+--------+-----+--------+

Top non-repeatable levels by time:
     D:3: 1244 daAuts
     D:1: 1158 daAuts
     D:4: 1082 daAuts
     D:5: 725 daAuts
     D:2: 682 daAuts
     D:6: 420 daAuts
   Sewer: 362 daAuts
  Temple: 20 daAuts
